 Dungeon Crawl Stone Soup version 0.27.0-1-g7a089689b8 (webtiles) character file.

Game seed: 7961253278569200626

65 gimp the Covered (level 3, 0/30 HPs)
             Began as a Minotaur Artificer on July 31, 2021.
             Slain by Grinder (6 damage)
             ... on level 3 of the Dungeon.
             The game lasted 00:02:39 (2022 turns).

gimp the Covered (Minotaur Artificer)               Turns: 2022, Time: 00:02:39

Health: 0/30       AC:  5    Str: 17    XL:     3   Next: 92%
Magic:  2/2        EV: 10    Int:  8    God:
Gold:   80         SH:  0    Dex: 10    Spells: 2/2 levels left

rFire    . . .     SeeInvis .   a - +0 hand axe
rCold    . . .     Faith    .   (no shield)
rNeg     . . .     Spirit   .   f - +0 ring mail
rPois    .         Reflect  .   (helmet restricted)
rElec    .         Harm     .   (no cloak)
rCorr    .         Rampage  .   (no gloves)
Will     .....                  (no boots)
Stlth    +.........             m - amulet of regeneration
HPRegen  1.10/turn              (no ring)
MPRegen  0.08/turn              (no ring)

@: no status effects
A: horns 2, retaliatory headbutt
a: no special abilities


You were on level 3 of the Dungeon.
You visited 1 branch of the dungeon, and saw 3 of its levels.

You collected 80 gold pieces.

Inventory:

Hand Weapons
 a - a +0 hand axe (weapon)
Armour
 b - a +0 leather armour
 f - a +0 ring mail (worn)
 n - a +0 tower shield
Jewellery
 m - an amulet of regeneration (around neck)
Wands
 c - a wand of flame (15) (quivered)
 d - a wand of charming (15)
Scrolls
 g - 3 scrolls of identify {unknown}
 h - a scroll of amnesia {unknown}
 i - 2 scrolls of enchant weapon {unknown}
 j - a scroll of vulnerability {unknown}
 k - a scroll of blinking {unknown}
Potions
 l - 2 potions of haste {unknown}
Miscellaneous
 e - a piece from Xom's chessboard (13/15)


   Skills:
 + Level 2.5 Fighting
 * Level 3.0 Axes
 + Level 3.3 Armour
 - Level 1.1 Dodging
 - Level 0.7 Stealth
 - Level 2.6 Evocations


You had 2 spell levels left.
You didn't know any spells.
Your spell library contained the following spells:

 Spells                   Type           Power      Damage    Failure   Level
 Passwall                 Tmut/Erth      0%         N/A       75%         2
 Slow                     Hex            0%         N/A       75%         2
 Confusing Touch          Hex            0%         N/A       93%         3
 Swiftness                Air            0%         N/A       93%         3
 Vampiric Draining        Necr           0%         2d6       93%         3
 Dispersal                Tloc           0%         N/A       100%        6
 Invisibility             Hex            0%         N/A       100%        6
 Disjunction              Tloc           0%         N/A       100%        8


Dungeon Overview and Level Annotations

Branches:
Dungeon (3/15)

Altars:

Annotations:
D:3 Grinder


Innate Abilities, Weirdness & Mutations

You have a pair of horns on your head.
You reflexively headbutt those who attack you in melee.


Message History

You see here a dart slug corpse.
You see here a bat corpse.
An endoplasm comes into view.
The endoplasm quivers.
An endoplasm is nearby!
The endoplasm closely misses you.
You hit the endoplasm.
You kill the endoplasm!
Your Axes skill increases to level 3!
No target in view!
No target in view!
Found a tower shield.
Found 17 gold pieces.
You see here a +0 tower shield.
n - a +0 tower shield You now have 80 gold pieces (gained 17).
Found a stone staircase leading up.
Found a club.
Found a stone staircase leading down.
You see here a +0 club.
Grinder is nearby!
Grinder is nearby!
Grinder shouts!
You make a move on Xom's chessboard...
Grinder resists with significant effort.
You make a move on Xom's chessboard...
Grinder falls asleep!
Grinder shouts!
You hear a shout!
You hear an angry hiss.
A hobgoblin comes into view.
The hobgoblin shouts!
Grinder hits you.
You writhe in agony.
A ball python comes into view.
You take 9 damage, and have 21/30 hp.
MASSIVE DAMAGE!!
You hit Grinder. You headbutt Grinder.
Grinder is lightly wounded.
Grinder barely misses you. Grinder hits you!
You writhe in agony.
You take 11 damage, and have 10/30 hp.
MASSIVE DAMAGE!!
Grinder hits you.
* * * LOW HITPOINT WARNING * * *
You writhe in agony.
You die...

## #######....#.
####........... ..#
#.......# #..# .#.#
#.......####S.##...#
#...##.5..##g.....##
#...#####.<.........
#.......###..#.#....
.###
#######5#..@5.....#.
.... #....#.........
....
##>#)##.......#.
#### #..#..........#
#
.5...5.####....#####
# .......# #...#.# #
#
.............###.###
.## # ........#####
##...# ..# ##
>.......# ##...##
#.# ##.


You could see Grinder, a hobgoblin and a ball python.

Vanquished Creatures
  2 adders (D:2)
  2 worms (D:2)
  A dart slug (D:3)
  6 ball pythons
  4 bats
  6 endoplasms
  A giant cockroach (D:2)
  5 goblins
  A hobgoblin (D:2)
  4 quokkas
  2 frilled lizards
  A rat (D:2)
35 creatures vanquished.

Notes
Turn   | Place    | Note
-------+----------+-------------------------------------------
     0 | D:1      | gimp the Minotaur Artificer began the quest for the Orb.
     0 | D:1      | Reached XP level 1. HP: 16/16 MP: 0/0
   464 | D:1      | Reached skill level 1 in Axes
   576 | D:1      | Reached XP level 2. HP: 22/24 MP: 1/1
  1097 | D:2      | Reached XP level 3. HP: 23/29 MP: 2/2
  1174 | D:2      | You fall into a shaft and drop 1 floor!
  1175 | D:3      | Noticed Grinder
  1634 | D:2      | Found a faded altar of an unknown god.
  2022 | D:3      | Slain by Grinder

Illustrated notes

Levels and vault maps discovered:
D:1:      tarquinn_simple_flora_water_e, layout_basic, grunt_decor_clamped
D:2:      layout_loops_ring, basic_ecumenical_altar
D:3:      layout_rooms, kennysheep_another_room, uniq_grinder, uniq_natasha

Skill      XL: |  1  2  3 |
---------------+----------+-----
Axes           | 1 2 3 |  3.0
Fighting       | 2 |  2.5
Armour         | 3 |  3.3
Dodging        | |  1.1
Stealth        | |  0.7
Evocations     | |  2.6

Action                   || total
-------------------------++-------
Melee: Hand axe          ||    68
       Headbutt          ||    16
       Club              ||     2
Evoke: Piece from Xom's  ||     2
Armor: Ring mail         ||    20
       Leather armour    ||     1
Dodge: Dodged            ||    30
